 Dungeon Crawl Stone Soup version 0.31-a0-222-gefeffbb62a (webtiles) character file.

Game seed: 15583961464928218011

16572 qw the Marksgargoyle (level 12, 0/77 HPs)
             Began as a Gargoyle Hexslinger on July 4, 2023.
             Was an Elder of Okawaru.
             Slain by a wolf (5 damage)
             ... on level 2 of the Lair of Beasts.
             The game lasted 00:05:35 (11093 turns).

qw the Marksgargoyle (Gargoyle Hexslinger)         Turns: 11093, Time: 00:05:36

Health: 0/77       AC: 23    Str: 13    XL:     12   Next: 38%
Magic:  15/17      EV: 20    Int: 14    God:    Okawaru [****..]
Gold:   472        SH:  0    Dex: 16    Spells: 12/13 levels left

rFire   + . .        Y - +2 orcbow
rCold   + . .        (shield currently unavailable)
rNeg    + . .        i - +2 ring mail {rF+}
rPois   inf          (no helmet)
rElec   +            a - +0 cloak
rCorr   .            k - +1 pair of gloves
SInv    .            r - +0 pair of boots
Will    .....        (no amulet)
Stlth   ++           e - +5 ring of evasion
HPRegen 0.32/turn    q - ring of protection from cold
MPRegen 0.15/turn

%: no passive effects
@: heroic
A: sickness immunity, AC +8, negative energy resistance 1, electricity
resistance, torment resistance 1, petrification resistance
a: Renounce Religion, Heroism, Finesse


You were on level 2 of the Lair of Beasts.
You worshipped Okawaru.
Okawaru was greatly pleased with you.
You visited 2 branches of the dungeon, and saw 12 of its levels.
You also visited: Sewer.

You collected 748 gold pieces.
You spent 276 gold pieces at shops.


Innate Abilities, Weirdness & Mutations

You are immune to sickness and miasma.
Your stone body is resilient. (AC +8)
You are immune to poison.
You resist negative energy. (rN+)
You are resistant to electric shocks. (rElec)
You are resistant to unholy torment.
You are immune to petrification.


   Skills:
 - Level 10.0(15.0) Fighting
 - Level 15.0(20.0) Ranged Weapons
 + Level 5.7(10.7) Armour
 - Level 4.2(9.2) Dodging
 - Level 1.0 Spellcasting
 - Level 2.6 Hexes
 + Level 6.9 Invocations


You had 12 spell levels left.
You knew the following spells:

 Your Spells              Type           Power      Damage    Failure   Level
a - Slow                  Hex            32%        N/A       16%         1

Your spell library contained the following spells:

 Spells                   Type           Power      Damage    Failure   Level
 Inner Flame              Hex/Fire       4%         N/A       63%         3
 Portal Projectile        Hex/Tloc       8%         N/A       63%         3
 Cause Fear               Hex            4%         N/A       83%         4

Inventory:

Hand Weapons
 Y - a +2 orcbow (weapon)
Armour
 a - a +0 cloak (worn)
 i - a +2 ring mail of fire resistance (worn)
 k - a +1 pair of gloves (worn)
 r - a +0 pair of boots (worn)
Jewellery
 d - a ring of fire
 e - a +5 ring of evasion (left hand)
 q - a ring of protection from cold (right hand)
Scrolls
 b - 6 scrolls of identify
Potions
 f - 4 potions of cancellation
 g - 3 potions of mutation
 h - a potion of might
 j - 2 potions of haste
 m - 4 potions of magic

Dungeon Overview and Level Annotations

Branches:
Dungeon (10/15)            Temple (0/1) D:6            Lair (2/5) D:10
    Orc (0/2) D:9           Sewer (visited)
  Swamp: Lair:2-3    Shoals: Lair:2-3     Snake: Lair:2-3    Spider: Lair:2-3

Altars:
Elyvilon
Fedhas
Kikubaaqudgha
Okawaru
Qazlal
Ru
Uskayaw
Vehumet

Shops:
D:6 (   D:9 *


Message History

A wolf comes into view.
You shoot an arrow. The arrow completely misses the wolf.
The wolf howls!
You hear a howl! x2
The electric eel shoots out a bolt of lightning at you!
The bolt of electricity hits you. You resist.
You shoot an arrow. The arrow barely misses the wolf.
The arrow hits the plant.
The plant begins to die.
The plant is lightly damaged.
The electric eel shoots out a bolt of lightning at you!
The bolt of electricity hits you but does no damage.
You resist.
You shoot an arrow. The arrow hits the wolf.
The wolf is moderately wounded.
The wolf bites you but does no damage.
You shoot an arrow. The arrow hits the wolf!
You kill the wolf!
Okawaru accepts your kill.
You feel like a meek peon again.
A wolf comes into view.
11090 ||| INVOKING Heroism.
You gain the combat prowess of a mighty hero.
The electric eel shoots out a bolt of lightning at you!
The bolt of electricity hits you but does no damage.
You resist.
A wolf comes into view. x2
You shoot an arrow. The arrow barely misses the wolf.
The wolf howls! x3
The arrow hits the wolf!
The wolf is severely wounded.
A nearby plant withers and dies.
You shoot an arrow. The arrow closely misses the wolf.
The arrow hits the wolf.
The wolf is almost dead.
The electric eel shoots out a bolt of lightning at you!
The bolt of electricity hits you. You resist.
You shoot an arrow. The arrow hits the wolf!!
The wolf is almost dead.
The wolf stops to sniff the ground.
The wolf bites you.
You die...

......
... ..#
.......
.P.....##
~~...#.P#
~~......#
~.......#
~S...hh@#
~.....###
P...h
...h ~..
~. ~


You could see 4 wolves and an electric eel.

Vanquished Creatures
  Harold (D:10)
  A tengu warrior (D:8)
  Pikel (D:6)
  2 cane toads (Lair:1)
  A rime drake (Lair:1)
  5 komodo dragons
  A tengu conjurer (D:10)
  A troll (D:9)
  Grinder (D:6)
  A hornet (D:9)
  2 dream sheep (Lair:2)
  A shadow (D:10)
  2 wyverns
  A wraith (D:9)
  25 yaks
  A basilisk (Lair:2)
  A vampire mosquito (D:7)
  A steam dragon (D:6)
  Menkaure (D:6)
  7 water moccasins
  2 black bears
  11 orc warriors
  3 ice beasts
  2 sky beasts
  6 wolves
  A boggart (shapeshifter) (D:5)
  4 ogres
  A lemure (D:6)
  9 centaurs
  2 phantoms
  6 kobold brigands
  7 bullfrogs
  4 gnoll sergeants (D:9)
  3 scorpions
  4 wights (D:10)
  3 killer bees (D:8)
  An electric eel (D:9)
  A howler monkey (D:4)
  2 hounds (D:6)
  3 jellies
  4 orc priests
  6 sleepcaps
  An iguana (D:6)
  14 orc wizards
  10 adders
  5 gnolls
  A shadow imp (D:7)
  An ufetubus (D:5)
  3 worms
  22 orcs
  7 endoplasms
  5 giant cockroaches
  9 goblins
  7 hobgoblins
  4 quokkas
  6 ball pythons
  5 bats
  A frilled lizard (D:2)
  13 kobolds
  6 rats
262 creatures vanquished.

Notes
Turn   | Place    | Note
-------+----------+-------------------------------------------
     0 | D:1      | qw the Gargoyle Hexslinger began the quest for the Orb.
     0 | D:1      | Reached XP level 1. HP: 12/12 MP: 2/2
     0 | D:1      | 0 ||| qw: Version: 0.3-a-46-gb1f654a
     0 | D:1      | 0 ||| qw: Game counter: 948
     0 | D:1      | 0 ||| qw: Melee chars always use a shield: true
     0 | D:1      | 0 ||| qw: God list: Okawaru
     0 | D:1      | 0 ||| qw: Allow faded altars: false
     0 | D:1      | 0 ||| qw: Do Orc after clearing Dungeon:15 true
     0 | D:1      | 0 ||| qw: Do second Lair branch before Depths: true
     0 | D:1      | 0 ||| qw: Lair rune preference: random
     0 | D:1      | 0 ||| qw: Goals: Normal
     0 | D:1      | 0 ||| PLANNING D:1-11
    57 | D:1      | HP: 3/12 [quokka (2)]
   121 | D:1      | Reached XP level 2. HP: 16/16 MP: 3/3
   412 | D:1      | Reached skill level 3 in Ranged Weapons
   666 | D:1      | 666 ||| UPGRADING to +0 ring mail.
   676 | D:1      | 676 ||| DROPPING +0 robe.
   694 | D:1      | 694 ||| READING scroll labelled IWNELU TOLIGEU.
   696 | D:1      | 696 ||| READING scroll labelled EPSOKHLU QAZADI.
   718 | D:1      | 718 ||| READING scroll labelled MISIYCWEMI.
   726 | D:1      | 726 ||| DRINKING 2 fuming yellow potions.
   737 | D:1      | 737 ||| DROPPING scroll of poison.
   738 | D:1      | 738 ||| DROPPING potion of degeneration.
   817 | D:2      | HP: 4/16 [ball python (2)]
   921 | D:2      | Reached XP level 3. HP: 16/21 MP: 4/4
  1564 | D:2      | 1564 ||| UPGRADING to +0 cloak.
  1569 | D:2      | 1569 ||| READING 2 scrolls labelled YCOOLUMOAV.
  1570 | D:2      | 1570 ||| READING scroll labelled MOAMOARCH ZESS.
  1571 | D:2      | 1571 ||| DRINKING 2 coppery potions.
  1572 | D:2      | 1572 ||| DROPPING scroll of vulnerability.
  1573 | D:2      | 1573 ||| DROPPING potion of brilliance.
  1681 | D:3      | Reached skill level 1 in Armour
  1684 | D:3      | Reached XP level 4. HP: 26/26 MP: 5/5
  1688 | D:3      | Reached skill level 4 in Ranged Weapons
  1975 | D:3      | Found an iron altar of Okawaru.
  1976 | D:3      | 1976 ||| PLANNING OKAWARU WORSHIP
  1980 | D:3      | 1980 ||| READING scroll labelled GEUBUO KISHE.
  1999 | D:3      | 1999 ||| READING scroll labelled GEYNOF GUIS.
  2006 | D:3      | Became a worshipper of Warmaster Okawaru
  2007 | D:3      | 2007 ||| PLANNING D:1-11
  2243 | D:3      | Found a radiant altar of Vehumet.
  2281 | D:3      | 2281 ||| READING scroll labelled BOBLEK PEOQ.
  2480 | D:4      | Found a white marble altar of Elyvilon.
  2632 | D:4      | Reached XP level 5. HP: 30/30 MP: 6/6
  2653 | D:4      | 2653 ||| Stepping ~*~*~tactically~*~*~ (outnumbered).
  2655 | D:4      | 2655 ||| Stepping ~*~*~tactically~*~*~ (outnumbered).
  2662 | D:4      | Reached skill level 5 in Ranged Weapons
  2690 | D:4      | Reached skill level 3 in Fighting
  2787 | D:4      | Found an ancient bone altar of Kikubaaqudgha.
  2796 | D:4      | Found a stormy altar of Qazlal.
  2846 | D:4      | 2846 ||| UPGRADING to +0 pair of gloves.
  2851 | D:4      | 2851 ||| DROPPING amulet of guardian spirit.
  2852 | D:4      | 2852 ||| UPGRADING to +5 ring of evasion.
  2853 | D:4      | 2853 ||| READING scroll labelled PUTAQE XADIUTT.
  2954 | D:4      | 2954 ||| READING 4 scrolls of identify.
  2954 | D:4      | 2954 ||| IDENTIFYING fizzy coppery potion
  2955 | D:4      | 2955 ||| READING 3 scrolls of identify.
  2955 | D:4      | 2955 ||| IDENTIFYING brown potion
  2956 | D:4      | 2956 ||| READING 2 scrolls of identify.
  2956 | D:4      | 2956 ||| IDENTIFYING silvery potion
  2984 | D:5      | Entered Level 5 of the Dungeon
  2984 | D:5      | Found a glowing drain.
  2985 | D:5      | 2985 ||| PLANNING SEWER
  2985 | D:5      | 2985 ||| STAIRDANCE
  2994 | D:4      | Reached XP level 6. HP: 29/37 MP: 7/7
  3056 | D:5      | Reached * piety under Okawaru
  3057 | D:5      | 3057 ||| INVOKING Heroism.
  3111 | Sewer    | Entered a sewer
  3115 | Sewer    | 3115 ||| Stepping ~*~*~tactically~*~*~ (water).
  3184 | Sewer    | Reached skill level 6 in Ranged Weapons
  3238 | Sewer    | Reached skill level 1 in Invocations
  3238 | Sewer    | Reached XP level 7. HP: 42/42 MP: 8/8
  3246 | Sewer    | 3246 ||| Stepping ~*~*~tactically~*~*~ (water).
  3266 | Sewer    | 3266 ||| READING scroll of enchant armour.
  3266 | Sewer    | 3266 ||| ENCHANTING +0 pair of gloves.
  3323 | Sewer    | 3323 ||| DRINKING 2 glowing puce potions.
  3352 | D:5      | 3352 ||| PLANNING D:1-11
  3389 | D:5      | 3389 ||| INVOKING Heroism.
  3664 | D:5      | Reached skill level 3 in Invocations
  3725 | D:5      | an orc changed into a shapeshifter
  3725 | D:5      | Noticed a shapeshifter (shapeshifter)
  3725 | D:5      | a shapeshifter changed into an ice beast
  3738 | D:5      | 3738 ||| INVOKING Heroism.
  3781 | D:5      | Reached skill level 7 in Ranged Weapons
  3781 | D:5      | Reached XP level 8. HP: 48/48 MP: 10/10
  3786 | D:5      | 3786 ||| INVOKING Heroism.
  3860 | D:5      | 3860 ||| Stepping ~*~*~tactically~*~*~ (outnumbered).
  3862 | D:5      | 3862 ||| Stepping ~*~*~tactically~*~*~ (outnumbered).
  3866 | D:5      | 3866 ||| INVOKING Heroism.
  3870 | D:5      | HP: 8/48 [gnoll/+0 halberd (13)]
  3871 | D:5      | 3871 ||| READING 3 scrolls of teleportation.
  3872 | D:5      | 3872 ||| DRINKING 2 potions of heal wounds.
  3874 | D:5      | 3874 ||| DRINKING potion of heal wounds.
  4067 | D:5      | 4067 ||| UPGRADING to +2 robe of fire resistance.
  4077 | D:5      | 4077 ||| DROPPING +0 ring mail.
  4078 | D:5      | 4078 ||| DRINKING 2 lumpy grey potions.
  4079 | D:5      | 4079 ||| READING 2 scrolls of identify.
  4079 | D:5      | 4079 ||| IDENTIFYING fizzy inky potion
  4215 | D:6      | 4215 ||| INVOKING Heroism.
  4241 | D:6      | Found a staircase to the Ecumenical Temple.
  4249 | D:6      | Noticed Grinder
  4250 | D:6      | 4250 ||| INVOKING Heroism.
  4269 | D:6      | Killed Grinder
  4269 | D:6      | Reached ** piety under Okawaru
  4270 | D:6      | Reached skill level 8 in Ranged Weapons
  4293 | D:6      | Noticed Blork the orc
  4294 | D:6      | 4294 ||| INVOKING Heroism.
  4300 | D:6      | Blork the orc changed into Blork the hound
  4300 | D:6      | Noticed Blork
  4305 | D:6      | Killed Blork the hound
  4320 | D:6      | Found Ehyteile's Antique Weapon Boutique.
  4328 | D:6      | 4328 ||| BUYING glowing shortbow (120 gold).
  4328 | D:6      | Bought a glowing shortbow for 120 gold pieces
  4328 | D:6      | 4328 ||| SWAPPING to +0 shortbow of flaming.
  4329 | D:6      | 4329 ||| DROPPING +1 sling of chaos.
  4348 | D:6      | Identified the +7 falchion "Xerayr" {drain, rElec rCorr
                  | Str-2}
  4474 | D:6      | 4474 ||| INVOKING Heroism.
  4603 | D:6      | Noticed Menkaure
  4604 | D:6      | 4604 ||| INVOKING Heroism.
  4608 | D:6      | Killed Menkaure
  4609 | D:6      | Reached XP level 9. HP: 54/54 MP: 9/12
  4656 | D:6      | Reached skill level 9 in Ranged Weapons
  4767 | D:6      | 4767 ||| SWAPPING to +0 orcbow.
  4769 | D:6      | Noticed Pikel
  4770 | D:6      | 4770 ||| INVOKING Heroism.
  4789 | D:6      | Killed Pikel
  4830 | D:6      | 4830 ||| DROPPING +0 shortbow of flaming.
  4942 | D:6      | 4942 ||| UPGRADING to +0 pair of boots.
  5039 | D:7      | 5039 ||| INVOKING Heroism.
  5182 | D:7      | 5182 ||| INVOKING Heroism.
  5200 | D:7      | 5200 ||| Stepping ~*~*~tactically~*~*~ (outnumbered).
  5202 | D:7      | 5202 ||| Stepping ~*~*~tactically~*~*~ (outnumbered).
  5208 | D:7      | Reached skill level 10 in Ranged Weapons
  5208 | D:7      | 5208 ||| INVOKING Heroism.
  5217 | D:7      | Reached skill level 3 in Dodging
  5273 | D:7      | 5273 ||| INVOKING Heroism.
  5280 | D:7      | 5280 ||| Stepping ~*~*~tactically~*~*~ (outnumbered).
  5345 | D:7      | 5345 ||| INVOKING Heroism.
  5351 | D:7      | Reached XP level 10. HP: 43/63 MP: 10/13
  5429 | D:7      | 5429 ||| INVOKING Heroism.
  5445 | D:7      | Reached skill level 11 in Ranged Weapons
  5941 | D:7      | 5941 ||| DROPPING ring of ice.
  5942 | D:7      | 5942 ||| UPGRADING to ring of protection from cold.
  5943 | D:7      | 5943 ||| READING 2 scrolls labelled FYIMEG BOAZEABB.
  5944 | D:7      | 5944 ||| READING scroll labelled ANGIEG MUAPIJA.
  5945 | D:7      | 5945 ||| READING 2 scrolls of identify.
  5945 | D:7      | 5945 ||| IDENTIFYING fuming sapphire potion
  5946 | D:7      | 5946 ||| DROPPING scroll of amnesia.
  6052 | D:8      | 6052 ||| INVOKING Heroism.
  6144 | D:8      | 6144 ||| INVOKING Heroism.
  6303 | D:8      | 6303 ||| INVOKING Heroism.
  6404 | D:8      | Reached skill level 12 in Ranged Weapons
  6416 | D:8      | Reached *** piety under Okawaru
  6422 | D:8      | 6422 ||| INVOKING Heroism.
  6561 | D:8      | Found a hide-covered altar of Uskayaw.
  7040 | D:8      | 7040 ||| READING scroll labelled DUNAIKOELI.
  7041 | D:8      | 7041 ||| READING scroll labelled LIELEGEBIY.
  7080 | D:9      | 7080 ||| INVOKING Heroism.
  7157 | D:9      | 7157 ||| INVOKING Heroism.
  7201 | D:9      | 7201 ||| READING scroll of enchant weapon.
  7201 | D:9      | 7201 ||| ENCHANTING +1 orcbow.
  7341 | D:9      | 7341 ||| INVOKING Heroism.
  7421 | D:9      | Found Umohot's General Store.
  7554 | D:9      | 7554 ||| INVOKING Heroism.
  7599 | D:9      | Found a blossoming altar of Fedhas.
  7676 | D:9      | Found a sacrificial altar of Ru.
  7706 | D:9      | Reached skill level 13 in Ranged Weapons
  7763 | D:9      | Found a staircase to the Orcish Mines.
  7764 | D:9      | 7764 ||| INVOKING Heroism.
  7766 | D:9      | 7766 ||| Stepping ~*~*~tactically~*~*~ (outnumbered).
  7795 | D:9      | 7795 ||| INVOKING Heroism.
  7802 | D:9      | Reached XP level 11. HP: 36/69 MP: 11/14
  7818 | D:9      | 7818 ||| INVOKING Heroism.
  7823 | D:9      | Reached skill level 9 in Fighting
  7826 | D:9      | 7826 ||| Stepping ~*~*~tactically~*~*~ (outnumbered).
  7851 | D:9      | 7851 ||| INVOKING Heroism.
  7858 | D:9      | HP: 15/71 [gnoll sergeant/+2 spear of freezing (9)]
  7859 | D:9      | 7859 ||| READING 2 scrolls of teleportation.
  7860 | D:9      | 7860 ||| DRINKING potion of heal wounds.
  8213 | D:9      | 8213 ||| DROPPING +0 steam dragon scales.
  8214 | D:9      | 8214 ||| UPGRADING to +2 ring mail of fire resistance.
  8224 | D:9      | 8224 ||| DROPPING +2 robe of fire resistance.
  8225 | D:9      | 8225 ||| READING 2 scrolls of identify.
  8225 | D:9      | 8225 ||| IDENTIFYING white potion
  8226 | D:9      | 8226 ||| DROPPING potion of lignification.
  8281 | D:10     | Entered Level 10 of the Dungeon
  8281 | D:10     | Noticed a tengu warrior
  8285 | D:10     | 8285 ||| STAIRDANCE
  8288 | D:9      | 8288 ||| INVOKING Heroism.
  8376 | D:10     | 8376 ||| STAIRDANCE
  8378 | D:9      | 8378 ||| INVOKING Heroism.
  8387 | D:9      | Reached skill level 3 in Armour
  8469 | D:10     | 8469 ||| STAIRDANCE
  8482 | D:9      | 8482 ||| INVOKING Heroism.
  8483 | D:9      | HP: 16/71 [tengu warrior/+0 long sword (9)]
  8484 | D:9      | 8484 ||| READING scroll of teleportation.
  8515 | D:9      | 8515 ||| FLEEEEING.
  8516 | D:9      | 8516 ||| FLEEEEING.
  8517 | D:9      | 8517 ||| FLEEEEING.
  8518 | D:9      | 8518 ||| FLEEEEING.
  8519 | D:9      | 8519 ||| FLEEEEING.
  8520 | D:9      | 8520 ||| FLEEEEING.
  8522 | D:9      | 8522 ||| FLEEEEING.
  8523 | D:9      | 8523 ||| FLEEEEING.
  8525 | D:9      | 8525 ||| FLEEEEING.
  8526 | D:9      | 8526 ||| FLEEEEING.
  8527 | D:9      | 8527 ||| FLEEEEING.
  8528 | D:9      | 8528 ||| FLEEEEING.
  8530 | D:9      | 8530 ||| STAIRDANCE
  8674 | D:9      | 8674 ||| STAIRDANCE
  8683 | D:8      | 8683 ||| INVOKING Heroism.
  8691 | D:8      | Killed a tengu warrior
  8856 | D:10     | 8856 ||| STAIRDANCE
  8920 | D:10     | 8920 ||| STAIRDANCE
  9019 | D:10     | 9019 ||| Stepping ~*~*~tactically~*~*~ (outnumbered).
  9027 | D:10     | 9027 ||| INVOKING Heroism.
  9033 | D:10     | 9033 ||| DRINKING potion of curing.
  9033 | D:10     | 9033 ||| (to cure confusion)
  9060 | D:10     | 9060 ||| INVOKING Heroism.
  9068 | D:10     | Reached skill level 14 in Ranged Weapons
  9079 | D:10     | HP: 11/71 [komodo dragon (11)]
  9080 | D:10     | 9080 ||| DRINKING potion of heal wounds.
  9093 | D:10     | 9093 ||| INVOKING Heroism.
  9234 | D:10     | 9234 ||| INVOKING Heroism.
  9311 | D:10     | Found a staircase to the Lair.
  9463 | D:10     | Reached **** piety under Okawaru
  9608 | D:10     | Noticed Harold
  9609 | D:10     | 9609 ||| INVOKING Heroism.
  9622 | D:10     | Killed Harold
  9931 | D:9      | 9931 ||| BUYING potion of cancellation (96 gold).
  9931 | D:9      | Bought a potion of cancellation for 96 gold pieces
  9931 | D:9      | 9931 ||| BUYING scroll of identify (24 gold).
  9931 | D:9      | Bought a scroll of identify for 24 gold pieces
  9931 | D:9      | 9931 ||| BUYING scroll of teleportation (36 gold).
  9931 | D:9      | Bought a scroll of teleportation for 36 gold pieces
  9931 | D:9      | 9931 ||| PLANNING LAIR
  9967 | Lair:1   | Entered Level 1 of the Lair of Beasts
  9980 | Lair:1   | 9980 ||| INVOKING Heroism.
  9989 | Lair:1   | Reached XP level 12. HP: 77/77 MP: 13/15
 10141 | Lair:1   | 10141 ||| INVOKING Heroism.
 10328 | Lair:1   | 10328 ||| INVOKING Heroism.
 10480 | Lair:1   | Reached skill level 6 in Invocations
 10937 | Lair:2   | 10937 ||| STAIRDANCE
 10944 | Lair:1   | Reached skill level 15 in Ranged Weapons
 11043 | Lair:2   | 11043 ||| INVOKING Heroism.
 11070 | Lair:2   | 11070 ||| INVOKING Heroism.
 11073 | Lair:2   | HP: 13/77 [torpor snail (8)]
 11074 | Lair:2   | 11074 ||| READING scroll of teleportation.
 11075 | Lair:2   | HP: 5/77 [torpor snail (8)]
 11086 | Lair:2   | HP: 6/77 [electric eel/bolt of electricity (2)]
 11090 | Lair:2   | 11090 ||| INVOKING Heroism.
 11092 | Lair:2   | HP: 4/77 [electric eel/bolt of electricity (3)]
 11093 | Lair:2   | Slain by a wolf

Levels and vault maps discovered:
D:1:      dpeg_arrival_lava_altar, layout_basic
D:2:      kennysheep_the_goblin_king, layout_basic
D:3:      layout_basic, overflow_temple_1_default, mainiacjoe_overflow_catwalk,
          kennysheep_doodads
D:4:      layout_cave_pools, nicolae_elyvilon_peaceful_grove,
          mainiacjoe_overflow_swirl, minmay_crystal_room
D:5:      nicolae_cairo_tiling_very_big, layout_cave_pools,
          gup_sewer_entry_glass
D:6:      layout_basic, minmay_temple_entry_arrows, serial_shops,
          nicolae_shop_peninsula, kennysheep_generic_room_4, uniq_pikel,
          uniq_blork_the_orc, uniq_grinder, uniq_menkaure
D:7:      cheibrodos_barr_body, layout_loops_ring, kennysheep_decorative_pillar
D:8:      layout_basic, mainiacjoe_overflow_alcove_2, solitary_fountain
D:9:      layout_stronghold, fedhas_altar_3, nicolae_ru_path_of_blood,
          kennysheep_orc_monster_closet_entryway, serial_shops,
          nicolae_take_the_stairs, corexii_corridor_pit, water_maze_lemuel
D:10:     layout_loops_ring, due_lair_maze_entry_diamond, uniq_harold,
          uniq_maurice
Lair:1:   layout_cave_pods, beast_lair_carwin_5
Lair:2:   layout_roguey, serial_bayou_shore_b, infiniplex_staircase_pool,
          serial_bayou_shore_a

Skill      XL: |  1  2  3  4  5  6  7  8  9 10 11 12 |
---------------+-------------------------------------+-----
Ranged Weapons | 3 4 5 6 7 8 10 13 14 15 | 15.0
Fighting       | 2 3 4 5 7 8 10 | 10.0
Armour         | 1 2 5 |  5.7
Invocations    | 1 3 4 6 |  6.9
Dodging        | 2 3 4 |  4.2
Spellcasting   | |  1.0
Hexes          | |  2.6

Action                     |  1- 3 |  4- 6 |  7- 9 | 10-12 || total
---------------------------+-------+-------+-------+-------++-------
   Fire: Sling             |   141 |   174 |   140 |       ||   455
         Shortbow          |       |       |    53 |       ||    53
         Orcbow            |       |       |   139 |   805 ||   944
 Invoke: Heroism           |       |     1 |    15 |    28 ||    44
    Use: Scroll            |     5 |     7 |     3 |    10 ||    25
         Potion            |     2 |       |     4 |     3 ||     9
 Armour: Robe              |    14 |       |    47 |    51 ||   112
         Ring mail         |    24 |    91 |    24 |   221 ||   360
  Dodge: Dodged            |    76 |    99 |   181 |   560 ||   916

Table legend:
 A = Non-vault XP
 B = Vault XP
 C = Vault XP percentage of total XP
 D = Non-vault monster count
 E = Vault monster count
 F = Vault count percentage of total count
                 A         B        C        D         E       F
            +---------+---------+-------+---------+---------+-------
      Total |   15824 |    7851 |  33.2 |     184 |      77 |  29.5
            +---------+---------+-------+---------+---------+-------
        D:1 |      21 |       0 |   0.0 |      12 |       0 |   0.0
        D:2 |      32 |      13 |  28.9 |      10 |       7 |  41.2
        D:3 |      65 |       0 |   0.0 |      15 |       0 |   0.0
        D:4 |     270 |       0 |   0.0 |      17 |       0 |   0.0
        D:5 |     626 |      57 |   8.3 |      14 |       6 |  30.0
        D:6 |     688 |    1184 |  63.2 |      11 |       4 |  26.7
        D:7 |     779 |    1205 |  60.7 |      11 |      12 |  52.2
        D:8 |    3231 |       0 |   0.0 |      20 |       0 |   0.0
        D:9 |    2400 |    1898 |  44.2 |      29 |      20 |  40.8
       D:10 |    3005 |    2271 |  43.0 |      23 |      10 |  30.3
     Lair:1 |    2951 |     989 |  25.1 |      14 |       5 |  26.3
     Lair:2 |    1756 |       0 |   0.0 |       8 |       0 |   0.0
      Sewer |       0 |     234 | 100.0 |       0 |      13 | 100.0
            +---------+---------+-------+---------+---------+-------
